AoeStats
← 150490644@

Arabia

506864325Analyzed
1v1 RM · 17d ago on Sep 15, 2026· 33m 37s· 2 players
Game mode
Random Map
Map size
Tiny (2 player)
Population
200
Speed
Normal
Resources
Standard
Victory
Conquest
Starting age
Dark Age
Ending age
Imperial Age
RankedLock teamsTeams togetherTeam positionsShared explorationLock speedFull tech treeHidden civsTurbo modeCheats
Victory
Defeat
🇮🇹 Franks · Italy
1012
+14
🇨🇦 Muisca · Canada
974
-14
150490644@
7:01 Loom
9:58 Feudal Age
10:27 Double-Bit Axe
18:46 Gold Mining
21:11 Castle Age
19:27 Scale Barding Armor
21:02 Forging
21:38 Wheelbarrow
21:33 Town Watch
22:24 Chain Barding Armor
22:40 Iron Casting
22:18 Bow Saw
22:49 Husbandry
30:12 Hand Cart
Bloo🐟
8:16 Loom
10:18 Feudal Age
13:42 Double-Bit Axe
15:39 Horse Collar
21:34 Castle Age
20:17 Fletching
20:41 Champi Runner
22:20 Bodkin Arrow
22:08 Crossbowman
23:46 Thumb Ring
26:17 Padded Archer Armor
33:12 Imperial Age
Connection lost

Rejoining the realm…

Still unreachable

The connection could not be restored.

Session expired

The server has moved on; the page needs a fresh start.